General information
- name: BNet
- type: Ladder team game (AT/RT)
- host: Battle.net
- saver: Pascal3000
map: FullScaleAssault
- players: 8
- length: 27:38
- speed: Fast
- version: 1.21 W3XP
- replay type: Public
» download(198 KB)
Players
team 1 (winner)
Mata. (
green | 132 APM | 3643 actions | 27:37)
7 Warden
3 Shadow Strike
3 Blink
1 Spirit of Vengeance
» actions
| Assign group hotkey | 720 | |
| Basic commands | 4 | |
| Build / train | 108 | |
| Enter build submenu | 31 | |
| Enter hero's abilities submenu | 7 | |
| Give item / drop item | 3 | |
| Remove unit from queue | 2 | |
| Right click | 1819 | |
| Select / deselect | 445 | |
| Select group hotkey | 293 | |
| Use ability | 209 | |
3643 total
» units
| Wisp | 47 | |
| Archer | 4 | |
| Goblin Zeppelin | 3 | |
| Hippogryph | 4 | |
| Blue Dragon | 3 | |
61 total
» upgrades
| Ultravision | 1 | |
| Nature's Blessing | 1 | |
| Strength of the Wild | 3 | |
| Reinforced Hides | 3 | |
| Well Spring | 1 | |
| Druid of the Talon Training | 1 | |
10 total
» buildings
| Altar of Elders | 1 | |
| Moon Well | 6 | |
| Ancient of War | 1 | |
| Tree of Ages | 2 | |
| Hunter's Hall | 1 | |
| Tree of Life | 4 | |
| Ancient Protector | 12 | |
| Tree of Eternity | 2 | |
| Ancient of Wonders | 1 | |
| Ancient of Wind | 2 | |
32 total
» build order
00:03 Altar of Elders
00:16 Moon Well
00:48 Ancient of War
01:38 Moon Well
01:39 Moon Well
02:30 Moon Well
02:32 Moon Well
04:40 Tree of Ages
04:40 Tree of Ages
06:03 Hunter's Hall
06:44 Tree of Life
08:40 Tree of Life
09:01 Ancient Protector
10:01 Tree of Eternity
10:17 Tree of Life
10:19 Ancient Protector
11:27 Ancient of Wonders
11:31 Moon Well
11:32 Ancient Protector
12:01 Ancient Protector
12:37 Ancient of Wind
12:38 Ancient of Wind
12:45 Ancient Protector
13:19 Ancient Protector
13:20 Ancient Protector
13:21 Ancient Protector
13:22 Ancient Protector
13:24 Ancient Protector
13:49 Ancient Protector
13:50 Ancient Protector
26:15 Tree of Life
» items
| Staff of Teleportation | 1 | |
| Boots of Speed | 3 | |
| Scroll of Town Portal | 3 | |
| Staff of Sanctuary | 1 | |
8 total
Pascal3000 (
orange | 67 APM | 1841 actions | 27:38)
4 Archmage
2 Blizzard
2 Brilliance Aura
» actions
| Assign group hotkey | 3 | |
| Basic commands | 6 | |
| Build / train | 92 | |
| ESC pressed | 8 | |
| Enter build submenu | 76 | |
| Enter hero's abilities submenu | 5 | |
| Give item / drop item | 1 | |
| Right click | 1092 | |
| Select / deselect | 334 | |
| Select group hotkey | 67 | |
| Use ability | 157 | |
1841 total
» units
| Peasant | 26 | |
| Dragonhawk Rider | 5 | |
31 total
» upgrades
| Masonry | 3 | |
| Lumber Harvesting | 1 | |
| Cloud | 1 | |
5 total
» buildings
| Lumber Mill | 1 | |
| Altar of Kings | 1 | |
| Farm | 10 | |
| Scout Tower | 98 | |
| Guard Tower | 36 | |
| Arcane Tower | 1 | |
| Arcane Vault | 1 | |
| Keep | 1 | |
| Gryphon Aviary | 6 | |
| Castle | 1 | |
156 total
» build order
00:10 Lumber Mill
00:36 Altar of Kings
00:50 Farm
01:25 Farm
01:48 Scout Tower
01:50 Scout Tower
01:51 Scout Tower
01:52 Scout Tower
02:03 Scout Tower
02:04 Scout Tower
02:26 Guard Tower
02:46 Scout Tower
02:47 Scout Tower
02:49 Scout Tower
02:50 Scout Tower
03:03 Guard Tower
03:06 Guard Tower
03:27 Arcane Tower
03:28 Guard Tower
03:56 Guard Tower
04:35 Arcane Vault
04:36 Guard Tower
04:38 Scout Tower
04:38 Scout Tower
05:15 Guard Tower
05:18 Scout Tower
05:19 Scout Tower
05:21 Scout Tower
05:48 Keep
06:03 Guard Tower
06:04 Scout Tower
06:05 Scout Tower
06:07 Scout Tower
06:08 Scout Tower
06:27 Guard Tower
07:10 Guard Tower
07:11 Guard Tower
07:55 Guard Tower
08:14 Gryphon Aviary
08:15 Gryphon Aviary
08:17 Gryphon Aviary
08:28 Gryphon Aviary
08:29 Gryphon Aviary
09:20 Farm
09:23 Farm
09:25 Farm
09:28 Farm
09:35 Farm
09:41 Farm
09:43 Farm
09:45 Farm
10:46 Castle
11:38 Scout Tower
11:54 Scout Tower
11:55 Scout Tower
11:57 Scout Tower
11:58 Scout Tower
13:46 Guard Tower
13:48 Gryphon Aviary
13:50 Scout Tower
13:51 Scout Tower
13:52 Scout Tower
14:48 Guard Tower
14:55 Guard Tower
15:48 Guard Tower
15:51 Scout Tower
15:53 Scout Tower
15:54 Scout Tower
15:55 Scout Tower
15:57 Scout Tower
15:57 Scout Tower
15:58 Scout Tower
15:58 Scout Tower
17:10 Scout Tower
17:26 Scout Tower
17:42 Guard Tower
17:46 Scout Tower
17:47 Guard Tower
17:48 Scout Tower
17:49 Scout Tower
17:50 Scout Tower
17:52 Scout Tower
17:53 Scout Tower
17:53 Scout Tower
17:55 Guard Tower
18:08 Guard Tower
18:09 Guard Tower
18:14 Guard Tower
18:17 Scout Tower
18:19 Scout Tower
18:25 Guard Tower
18:28 Scout Tower
18:29 Scout Tower
18:42 Guard Tower
19:05 Guard Tower
19:07 Scout Tower
19:08 Scout Tower
19:16 Guard Tower
19:19 Scout Tower
19:20 Scout Tower
19:20 Guard Tower
19:22 Scout Tower
19:24 Scout Tower
19:25 Scout Tower
19:27 Scout Tower
19:30 Scout Tower
19:31 Scout Tower
19:33 Scout Tower
19:34 Scout Tower
19:41 Guard Tower
19:49 Guard Tower
20:07 Guard Tower
20:16 Scout Tower
20:17 Guard Tower
20:18 Scout Tower
20:19 Scout Tower
22:03 Guard Tower
22:54 Scout Tower
22:55 Scout Tower
22:56 Scout Tower
24:29 Guard Tower
24:32 Scout Tower
24:34 Scout Tower
24:36 Scout Tower
24:37 Scout Tower
24:40 Scout Tower
24:43 Scout Tower
24:44 Scout Tower
24:46 Scout Tower
24:47 Scout Tower
24:48 Scout Tower
24:49 Scout Tower
24:50 Scout Tower
24:51 Scout Tower
24:51 Scout Tower
24:52 Scout Tower
24:53 Scout Tower
24:56 Scout Tower
24:57 Scout Tower
24:58 Scout Tower
24:59 Scout Tower
25:01 Scout Tower
25:02 Scout Tower
25:03 Scout Tower
25:05 Scout Tower
25:06 Scout Tower
25:08 Scout Tower
25:08 Scout Tower
25:10 Scout Tower
25:11 Scout Tower
25:12 Scout Tower
25:13 Scout Tower
25:15 Scout Tower
25:16 Guard Tower
27:19 Guard Tower
27:22 Guard Tower
» items
| Potion of Healing | 1 | |
| Healing Salve | 2 | |
| Lesser Clarity Potion | 1 | |
| Scroll of Speed | 2 | |
| Scroll of Town Portal | 2 | |
| Tiny Great Hall | 2 | |
| Orb of Lightning | 2 | |
12 total
Steelhound (
red | 37 APM | 1020 actions | 27:37)
4 Archmage
2 Blizzard
2 Brilliance Aura
» actions
| Assign group hotkey | 16 | |
| Basic commands | 16 | |
| Build / train | 93 | |
| ESC pressed | 4 | |
| Enter build submenu | 53 | |
| Enter hero's abilities submenu | 4 | |
| Give item / drop item | 4 | |
| Right click | 373 | |
| Select / deselect | 248 | |
| Select group hotkey | 109 | |
| Use ability | 100 | |
1020 total
» units
| Peasant | 16 | |
| Dragonhawk Rider | 4 | |
| Gryphon Rider | 1 | |
| Blue Dragon | 3 | |
| Goblin Zeppelin | 1 | |
25 total
» upgrades
| Masonry | 3 | |
| Gunpowder | 1 | |
| Swords | 1 | |
| Armor | 1 | |
6 total
» buildings
| Altar of Kings | 1 | |
| Farm | 8 | |
| Lumber Mill | 2 | |
| Scout Tower | 66 | |
| Guard Tower | 53 | |
| Keep | 1 | |
| Arcane Vault | 1 | |
| Gryphon Aviary | 2 | |
| Blacksmith | 1 | |
| Castle | 1 | |
| Town Hall | 1 | |
137 total
» build order
00:14 Altar of Kings
00:18 Farm
00:20 Farm
01:03 Lumber Mill
01:16 Lumber Mill
01:52 Scout Tower
02:02 Scout Tower
02:05 Scout Tower
02:06 Scout Tower
02:32 Guard Tower
02:32 Guard Tower
02:35 Scout Tower
02:38 Scout Tower
02:55 Guard Tower
03:10 Guard Tower
03:24 Guard Tower
03:57 Scout Tower
03:59 Scout Tower
04:01 Scout Tower
04:02 Scout Tower
04:04 Scout Tower
04:05 Scout Tower
04:16 Scout Tower
04:19 Scout Tower
04:22 Scout Tower
05:02 Guard Tower
05:07 Keep
05:44 Guard Tower
05:44 Guard Tower
05:45 Guard Tower
05:46 Guard Tower
05:54 Arcane Vault
06:31 Guard Tower
06:31 Guard Tower
06:33 Guard Tower
06:35 Farm
07:54 Gryphon Aviary
07:57 Gryphon Aviary
08:07 Farm
08:16 Guard Tower
08:25 Guard Tower
08:28 Scout Tower
08:29 Scout Tower
08:32 Scout Tower
08:36 Scout Tower
08:37 Scout Tower
08:40 Scout Tower
09:11 Blacksmith
09:41 Castle
09:59 Guard Tower
09:59 Guard Tower
11:32 Scout Tower
11:33 Scout Tower
11:34 Scout Tower
11:41 Scout Tower
11:42 Scout Tower
11:42 Scout Tower
11:44 Scout Tower
11:47 Scout Tower
11:47 Scout Tower
11:48 Scout Tower
12:14 Guard Tower
12:15 Guard Tower
12:33 Guard Tower
12:39 Guard Tower
12:40 Guard Tower
12:41 Guard Tower
12:59 Guard Tower
13:00 Guard Tower
13:01 Guard Tower
13:22 Scout Tower
13:26 Scout Tower
13:29 Scout Tower
13:31 Scout Tower
13:32 Scout Tower
13:34 Guard Tower
13:47 Guard Tower
13:56 Farm
13:57 Farm
14:10 Guard Tower
14:18 Guard Tower
14:21 Guard Tower
14:30 Guard Tower
14:49 Guard Tower
14:55 Scout Tower
14:58 Scout Tower
15:00 Scout Tower
15:03 Scout Tower
15:29 Scout Tower
15:31 Scout Tower
15:32 Scout Tower
15:33 Scout Tower
16:16 Guard Tower
16:17 Guard Tower
16:17 Guard Tower
16:31 Farm
18:18 Guard Tower
18:18 Guard Tower
18:19 Guard Tower
18:19 Guard Tower
18:23 Scout Tower
18:25 Scout Tower
18:27 Scout Tower
18:48 Scout Tower
18:50 Scout Tower
18:52 Scout Tower
18:53 Scout Tower
18:55 Scout Tower
18:57 Scout Tower
18:58 Scout Tower
19:00 Scout Tower
19:01 Scout Tower
19:03 Scout Tower
19:16 Farm
20:23 Guard Tower
20:23 Guard Tower
20:23 Guard Tower
21:03 Guard Tower
21:03 Guard Tower
21:55 Guard Tower
21:59 Guard Tower
21:59 Guard Tower
22:51 Scout Tower
22:52 Scout Tower
22:53 Scout Tower
22:56 Scout Tower
22:56 Scout Tower
22:58 Scout Tower
23:01 Scout Tower
23:02 Scout Tower
23:04 Scout Tower
24:43 Guard Tower
24:44 Guard Tower
24:44 Guard Tower
25:04 Guard Tower
25:05 Guard Tower
25:34 Town Hall
» items
| Boots of Speed | 1 | |
| Staff of Teleportation | 1 | |
2 total
Sylink (
blue | 84 APM | 2330 actions | 27:37)
7 Blademaster
3 Wind Walk
3 Critical Strike
1 Bladestorm
» actions
| Assign group hotkey | 67 | |
| Basic commands | 35 | |
| Build / train | 67 | |
| ESC pressed | 2 | |
| Enter build submenu | 48 | |
| Enter hero's abilities submenu | 7 | |
| Right click | 916 | |
| Select / deselect | 286 | |
| Select group hotkey | 734 | |
| Use ability | 168 | |
2330 total
» units
» upgrades
| Liquid Fire | 1 | |
| Ranged Weapons | 3 | |
| Reinforced Defenses | 1 | |
5 total
» buildings
| Altar of Storms | 1 | |
| Orc Burrow | 6 | |
| War Mill | 1 | |
| Watch Tower | 29 | |
| Voodoo Lounge | 1 | |
| Stronghold | 1 | |
| Beastiary | 4 | |
| Fortress | 1 | |
| Great Hall | 2 | |
46 total
» build order
00:04 Altar of Storms
00:07 Orc Burrow
00:45 War Mill
01:58 Watch Tower
02:04 Orc Burrow
02:28 Watch Tower
03:04 Voodoo Lounge
03:31 Watch Tower
03:39 Watch Tower
04:18 Watch Tower
04:31 Watch Tower
04:33 Watch Tower
04:55 Stronghold
05:05 Orc Burrow
06:00 Watch Tower
06:02 Watch Tower
07:19 Beastiary
07:21 Beastiary
07:23 Beastiary
07:29 Beastiary
07:39 Orc Burrow
08:37 Orc Burrow
08:50 Fortress
10:24 Watch Tower
10:26 Watch Tower
11:15 Great Hall
11:17 Watch Tower
11:32 Watch Tower
11:51 Watch Tower
12:29 Watch Tower
16:22 Watch Tower
16:25 Watch Tower
17:53 Watch Tower
18:50 Watch Tower
19:02 Watch Tower
20:34 Watch Tower
20:35 Watch Tower
23:48 Orc Burrow
23:49 Watch Tower
24:45 Watch Tower
26:55 Watch Tower
26:57 Great Hall
26:58 Watch Tower
26:59 Watch Tower
27:00 Watch Tower
27:01 Watch Tower
» items
| Healing Salve | 3 | |
| Lesser Clarity Potion | 5 | |
| Boots of Speed | 1 | |
| Scroll of Town Portal | 2 | |
| Orb of Lightning | 1 | |
| Potion of Mana | 3 | |
15 total
team 2 (loser)
708 (
yellow | 25 APM | 647 actions | 26:18)
2 Dreadlord
1 Vampiric Aura
1 Carrion Swarm
» actions
| Basic commands | 2 | |
| Build / train | 50 | |
| Enter build submenu | 22 | |
| Enter hero's abilities submenu | 2 | |
| Remove unit from queue | 1 | |
| Right click | 293 | |
| Select / deselect | 248 | |
| Use ability | 29 | |
647 total
» units
| Acolyte | 14 | |
| Ghoul | 3 | |
| Crypt Fiend | 6 | |
| Goblin Zeppelin | 5 | |
| Meatwagon | 2 | |
| Abomination | 4 | |
34 total
» upgrades
» buildings
| Altar of Darkness | 1 | |
| Ziggurat | 11 | |
| Crypt | 2 | |
| Graveyard | 1 | |
| Nerubian Tower | 2 | |
| Halls of the Dead | 3 | |
| Slaughterhouse | 3 | |
| Black Citadel | 2 | |
| Necropolis | 1 | |
| Spirit Tower | 4 | |
| Sacrificial Pit | 1 | |
31 total
» build order
00:08 Altar of Darkness
00:17 Ziggurat
01:00 Crypt
01:14 Crypt
01:39 Ziggurat
01:51 Graveyard
03:05 Ziggurat
04:16 Nerubian Tower
06:03 Ziggurat
06:30 Halls of the Dead
08:15 Halls of the Dead
11:19 Slaughterhouse
11:26 Slaughterhouse
11:30 Slaughterhouse
11:34 Ziggurat
11:38 Ziggurat
11:41 Ziggurat
11:44 Ziggurat
11:48 Ziggurat
12:26 Black Citadel
13:53 Necropolis
14:14 Spirit Tower
14:16 Spirit Tower
14:18 Spirit Tower
14:24 Ziggurat
14:27 Ziggurat
16:05 Halls of the Dead
16:11 Spirit Tower
16:12 Nerubian Tower
18:46 Black Citadel
22:31 Sacrificial Pit
Fryman (
teal | 30 APM | 803 actions | 26:45)
3 Dark Ranger
1 Black Arrow
1 Silence
1 Life Drain
1 Archmage
1 Blizzard
» actions
| Assign group hotkey | 2 | |
| Basic commands | 14 | |
| Build / train | 46 | |
| Enter build submenu | 28 | |
| Enter hero's abilities submenu | 4 | |
| Remove unit from queue | 1 | |
| Right click | 354 | |
| Select / deselect | 313 | |
| Select group hotkey | 8 | |
| Use ability | 33 | |
803 total
» units
| Peasant | 6 | |
| Footman | 7 | |
| Rifleman | 3 | |
| Siege Engine | 5 | |
| Mortar Team | 2 | |
23 total
» upgrades
| Defend | 1 | |
| Lumber Harvesting | 1 | |
| Gunpowder | 3 | |
| Barrage | 1 | |
| Armor | 1 | |
7 total
» buildings
| Altar of Kings | 1 | |
| Farm | 12 | |
| Barracks | 2 | |
| Lumber Mill | 1 | |
| Scout Tower | 3 | |
| Guard Tower | 2 | |
| Arcane Tower | 1 | |
| Blacksmith | 1 | |
| Arcane Vault | 1 | |
| Keep | 2 | |
| Town Hall | 2 | |
| Workshop | 2 | |
| Castle | 2 | |
32 total
» build order
00:14 Altar of Kings
00:25 Farm
00:33 Barracks
00:44 Farm
01:23 Lumber Mill
02:04 Farm
02:49 Farm
02:56 Scout Tower
03:09 Scout Tower
03:32 Guard Tower
03:37 Arcane Tower
04:38 Barracks
05:11 Blacksmith
06:48 Scout Tower
06:53 Arcane Vault
08:03 Guard Tower
08:05 Keep
08:17 Farm
09:48 Town Hall
10:28 Workshop
11:41 Workshop
13:21 Farm
13:28 Farm
14:04 Farm
15:15 Castle
16:25 Town Hall
17:05 Farm
17:31 Keep
18:14 Farm
18:25 Farm
20:17 Castle
24:26 Farm
» items
| Scroll of Healing | 1 | |
| Scroll of Regeneration | 1 | |
2 total
Party_For_Eva (
purple | 41 APM | 1119 actions | 27:36)
4 Tauren Chieftain
2 Endurance Aura
2 War Stomp
1 Shadow Hunter
1 Healing Wave
1 Far Seer
1 Feral Spirit
» actions
| Assign group hotkey | 19 | |
| Basic commands | 25 | |
| Build / train | 66 | |
| Enter build submenu | 26 | |
| Enter hero's abilities submenu | 6 | |
| Remove unit from queue | 1 | |
| Right click | 458 | |
| Select / deselect | 284 | |
| Select group hotkey | 155 | |
| Use ability | 79 | |
1119 total
» units
| Peon | 19 | |
| Troll Headhunter/Berserker | 14 | |
| Goblin Zeppelin | 2 | |
| Wind Rider | 8 | |
| Demolisher | 4 | |
47 total
» upgrades
| Spiked Barricades | 2 | |
| Troll Regeneration | 1 | |
| Berserker Upgrade | 1 | |
| Envenomed Spears | 1 | |
| Burning Oil | 1 | |
6 total
» buildings
| Altar of Storms | 1 | |
| Orc Burrow | 10 | |
| War Mill | 1 | |
| Barracks | 3 | |
| Great Hall | 4 | |
| Voodoo Lounge | 1 | |
| Stronghold | 1 | |
| Fortress | 1 | |
| Beastiary | 3 | |
| Watch Tower | 2 | |
27 total
» build order
00:21 Altar of Storms
00:31 Orc Burrow
00:45 War Mill
01:39 Orc Burrow
01:45 Barracks
02:26 Barracks
02:46 Barracks
03:19 Orc Burrow
04:38 Great Hall
04:56 Great Hall
05:15 Voodoo Lounge
06:13 Orc Burrow
07:16 Stronghold
09:49 Fortress
09:59 Orc Burrow
11:45 Great Hall
13:04 Great Hall
13:15 Beastiary
13:18 Beastiary
13:22 Beastiary
14:09 Orc Burrow
14:12 Orc Burrow
14:16 Orc Burrow
16:31 Watch Tower
16:36 Watch Tower
18:20 Orc Burrow
18:23 Orc Burrow
» items
tracktf2010 (
pink | 37 APM | 976 actions | 26:23)
2 Priestess of the Moon
1 Searing Arrows
1 Trueshot Aura
2 Keeper of the Grove
1 Entangling Roots
1 Thorns Aura
2 Warden
1 Shadow Strike
1 Fan of Knives
» actions
| Basic commands | 6 | |
| Build / train | 72 | |
| Enter build submenu | 19 | |
| Enter hero's abilities submenu | 6 | |
| Give item / drop item | 1 | |
| Remove unit from queue | 1 | |
| Right click | 572 | |
| Select / deselect | 228 | |
| Use ability | 71 | |
976 total
» units
| Wisp | 36 | |
| Chimaera | 3 | |
| Hippogryph | 9 | |
48 total
» upgrades
| Strength of the Wild | 2 | |
| Reinforced Hides | 1 | |
| Ultravision | 1 | |
| Well Spring | 1 | |
| Nature's Blessing | 1 | |
| Corrosive Breath | 1 | |
7 total
» buildings
| Altar of Elders | 1 | |
| Moon Well | 5 | |
| Tree of Ages | 2 | |
| Tree of Eternity | 2 | |
| Ancient of Wind | 1 | |
| Chimaera Roost | 4 | |
| Hunter's Hall | 1 | |
| Ancient Protector | 15 | |
| Tree of Life | 3 | |
| Ancient of Lore | 1 | |
35 total
» build order
00:10 Altar of Elders
00:13 Moon Well
01:40 Tree of Ages
01:40 Tree of Ages
04:01 Tree of Eternity
04:01 Tree of Eternity
04:06 Ancient of Wind
05:12 Moon Well
05:13 Moon Well
05:14 Moon Well
05:15 Moon Well
06:44 Chimaera Roost
06:45 Chimaera Roost
06:46 Chimaera Roost
08:21 Chimaera Roost
09:52 Hunter's Hall
13:51 Ancient Protector
13:56 Ancient Protector
13:58 Ancient Protector
14:00 Ancient Protector
14:15 Ancient Protector
14:16 Ancient Protector
14:16 Ancient Protector
14:18 Ancient Protector
15:23 Ancient Protector
15:26 Ancient Protector
20:13 Tree of Life
20:22 Ancient Protector
20:23 Ancient Protector
20:24 Ancient Protector
20:25 Ancient Protector
20:27 Ancient Protector
22:57 Tree of Life
24:22 Tree of Life
26:06 Ancient of Lore
Chat log
(00:04 / Allies) Pascal3000: i know
(00:06 / Allies) Pascal3000: he showed me pics
(00:10 / Allies) Mata.: used to be john_matheson, now it's j_m_neverforget
(00:17 / Allies) Pascal3000: k
(00:20 / Allies) Pascal3000: internet hate machine
(00:25 / Allies) Sylink: well you should never hurt a mans woman
(00:30 / Allies) Sylink: there will be violence
(00:37 / Allies) Steelhound: 4chan is still down :(((((
(00:45 / Allies) Pascal3000: 4chan still has a crappy design
(00:53 / Allies) Pascal3000: new one sucks
(00:53 / Allies) Sylink: still is a crappy website
(00:55 / Allies) Mata.: what the hell steelhound do you really go to that website?
(00:59 / Allies) Pascal3000: =?
(01:03 / Allies) Mata.: oh right we're towering
(01:07 / Allies) Mata.: send units steel
(01:20 / All) Party_For_Eva: purple is noob !!!!
(01:27 / Allies) Sylink: they have racial unity
(01:33 / All) tracktf2010: yea i h8 that dam purp
(01:53 / Allies) Sylink: the browns game is hilarious
(01:54 / Allies) Sylink: so much snow
(02:08 / Allies) Pascal3000: wanna pretend we fall for this?
(02:10 / All) tracktf2010: haha yellow's main dead
(02:11 / Allies) Mata.: in the future
(02:14 / All) Pascal3000: YEAH, FREEWIN
(02:16 / All) 708: efff
(02:18 / All) tracktf2010: well gg guys
(02:19 / All) Party_For_Eva: u beeep i hate ur beetim beet u freaken beeeep
(02:23 / All) Pascal3000: NOW WE CAN GO FUNSTRAT
(02:27 / All) Sylink: beep goes the jeep
(02:30 / All) Pascal3000: LETS PLAY FOR FUN TEAM
(02:32 / All) tracktf2010: lol oj
(02:35 / All) 708: IN MY PANTS!
(02:44 / Allies) Mata.: steel why build like a noob?
(02:47 / Allies) Mata.: what is the motivation as it were
(02:51 / All) 708: FRYMAN IN MY PANTS
(02:57 / Allies) Pascal3000: motivate me
(03:01 / All) Sylink: gordon fryman
(03:11 / Allies) Pascal3000: wood
(03:16 / Allies) Pascal3000: why creeping?
(03:22 / All) Fryman: meow!
(03:34 / Allies) Mata.: dr with foots
(03:38 / Allies) Mata.: i love it
(03:40 / All) 708: HORNEY KITTY!
(03:44 / Allies) Pascal3000: .p
(03:45 / Allies) Sylink: especiallyw ith blade
(03:52 / Allies) Pascal3000: i dont
(04:02 / Allies) Sylink: this is a feed?
(04:09 / Allies) Mata.: i dont think so
(04:12 / Allies) Sylink: ok they suck
(04:22 / Allies) Mata.: aowind
(04:22 / Allies) Mata.: it's
(04:23 / Allies) Mata.: a feed!
(04:26 / Allies) Mata.: but to what?
(04:28 / Allies) Mata.: chim?
(04:30 / Allies) Sylink: rider?
(04:36 / Allies) Mata.: expecting chim
(04:44 / Allies) Sylink: need aa thens
(04:54 / Allies) Mata.: yes chim
(04:58 / Allies) Pascal3000: yeah
(05:00 / Allies) Mata.: need shackle, need bat
(05:06 / Allies) Pascal3000: yeah
(05:07 / Allies) Pascal3000: teching
(05:10 / Allies) Sylink: is he t 3
(05:21 / Allies) Mata.: not quite yet
(05:21 / Allies) Mata.: but soon
(05:33 / Allies) Mata.: and i'm stuck with a noob on bot!
(05:35 / Allies) Sylink: i just started tech pray for bats
(05:42 / Allies) Pascal3000: :P
(05:44 / Allies) Mata.: well pascal hasnt started yet
(05:47 / Allies) Pascal3000: who?
(05:50 / Allies) Sylink: u
(05:51 / Allies) Pascal3000: oh
(05:51 / Allies) Pascal3000: yes
(05:51 / Allies) Sylink: tech
(05:52 / Allies) Sylink: fag
(05:57 / Allies) Pascal3000: i thought i did
(06:00 / Allies) Pascal3000: remote keyboard t.t
(06:02 / All) Party_For_Eva: u cheese ball
(06:15 / Allies) Sylink: some wood and i will make 3 bestiary
(06:18 / Allies) Sylink: when i get t2
(06:25 / Allies) Sylink: ty
(06:46 / All) Party_For_Eva: hmmm
(06:50 / Allies) Pascal3000: hhs
(06:55 / Allies) Sylink: yellow is retard
(07:16 / Allies) Steelhound: i am getting gryphons
(07:16 / Allies) Mata.: harass
(07:20 / Allies) Mata.: get shackles noob
(07:25 / Allies) Sylink: bestiary going up
(07:26 / Allies) Steelhound: SSSSSIGH
(07:27 / Allies) Steelhound: fine
(07:46 / Allies) Pascal3000: still building roost
(08:19 / Allies) Steelhound: lumber
(08:24 / Allies) Sylink: gj
(08:30 / Allies) Sylink: bats pimping
(08:33 / Allies) Mata.: sweet
(09:08 / Allies) Sylink: got sum bats
(09:17 / Allies) Pascal3000: hawks coming
(09:54 / Allies) Mata.: a yes
(10:02 / Allies) Sylink: got 9 bat
(10:06 / Allies) Mata.: good
(10:11 / Allies) Mata.: they prob gonna try to siege
(10:21 / Allies) Sylink: they spend like 500k gold on reveal
(10:29 / Allies) Pascal3000: :)
(10:31 / Allies) Pascal3000: let them
(10:34 / Allies) Sylink: clear take
(10:35 / Allies) Mata.: no
(10:37 / Allies) Mata.: noobhound
(10:39 / Allies) Mata.: upgrade armor
(10:39 / Allies) Mata.: some time
(10:40 / Allies) Steelhound: mata come pick up one of my peons so i can tower you
(10:51 / Allies) Mata.: just tp
(10:52 / Allies) Steelhound: too late
(10:55 / Allies) Mata.: now
(11:16 / Allies) Pascal3000: 2 chims
(11:24 / Allies) Pascal3000: 4 hawks for me
(11:25 / Allies) Mata.: towers
(11:42 / Allies) Sylink: serachin fire
(11:45 / Allies) Mata.: upgrade
(11:45 / Allies) Mata.: tower
(11:46 / Allies) Mata.: armor
(11:48 / Allies) Mata.: steelhound
(11:53 / Allies) Steelhound: k
(12:07 / Allies) Mata.: also upgrade towers
(12:45 / Allies) Sylink: batting something
(12:49 / Allies) Mata.: make it happen
(13:22 / Allies) Sylink: yellow main owned
(14:26 / Allies) Pascal3000: expoing
(14:29 / Allies) Sylink: yellow has 3 slaughterhouse
(14:31 / Allies) Mata.: good
(14:33 / Allies) Steelhound: gold me mata
(14:35 / Allies) Mata.: mancer or destro?
(14:38 / Allies) Sylink: mnore tower
(14:39 / Allies) Sylink: no mancer
(14:42 / Allies) Pascal3000: k
(14:43 / Allies) Sylink: he has teching
(14:44 / Allies) Sylink: i stopped
(14:48 / Allies) Pascal3000: gold
(15:22 / Allies) Sylink: expos down
(15:27 / Allies) Pascal3000: good
(15:34 / Allies) Mata.: most excellent
(15:41 / Allies) Mata.: anyone wanna get big drags
(16:03 / Allies) Sylink: owned
(16:08 / Allies) Pascal3000: nice
(16:09 / Allies) Mata.: dang
(16:10 / Allies) Mata.: you onfire
(16:13 / Allies) Pascal3000: hero focus lol
(16:15 / Allies) Mata.: also his nmain on fire
(16:24 / Allies) Mata.: gj sy an excellent batting
(16:39 / Allies) Mata.: anyone want to buy a dragon?
(16:43 / Allies) Pascal3000: .)
(16:45 / Allies) Pascal3000: i would
(16:46 / Allies) Steelhound: i will
(16:51 / Allies) Sylink: i can afford but need more bat
(17:06 / Allies) Steelhound: gonna buy one
(17:15 / Allies) Mata.: i'm a creep ti
(17:22 / Allies) Mata.: help me creep with dragon
(17:27 / Allies) Sylink: yellow has zeppelin
(17:46 / Allies) Steelhound: stop kkilling my dragon
(17:53 / Allies) Mata.: it has gotten to the point where i can lose my main
(17:57 / Allies) Steelhound: whoops
(17:59 / Allies) Steelhound: wrong one
(18:01 / Allies) Mata.: haha
(18:02 / Allies) Mata.: noob
(18:17 / Allies) Sylink: ne has tri hero
(18:23 / Allies) Pascal3000: for 15 minutes
(18:25 / Allies) Sylink: zeppelin down
(18:47 / Allies) Sylink: i might have just killed purpl eheroes over trees
(18:53 / Allies) Sylink: nope
(18:59 / Allies) Pascal3000: all base towering
(19:01 / Allies) Mata.: you would have noticed getting a level probably
(19:14 / Allies) Sylink: yah
(19:27 / Allies) Sylink: guy still has c hime
(19:37 / Allies) Mata.: i have hippos just in case
(19:42 / Allies) Sylink: making bat
(19:59 / Allies) Pascal3000: no breath yet
(20:03 / Allies) Mata.: yeah
(20:06 / Allies) Sylink: sending bat
(20:09 / Allies) Mata.: it's okay
(20:10 / Allies) Sylink: in sec
(20:22 / Allies) Sylink: hahaha
(20:31 / Allies) Mata.: they love reveal
(20:36 / Allies) Mata.: madddd orc air
(20:41 / Allies) Pascal3000: maybe human arcane tower reveal
(20:59 / Allies) Mata.: dont think they have
(21:04 / Allies) Pascal3000: ye
(21:08 / Allies) Sylink: kille dheroes
(21:10 / Allies) Pascal3000: not as smart
(21:28 / Allies) Mata.: yeah webbers are inc
(21:36 / Allies) Sylink: w/e
(21:39 / Allies) Pascal3000: wivs too
(21:45 / All) Sylink: keep making air
(21:50 / Allies) Sylink: i will
(21:50 / All) tracktf2010: yep
(21:58 / Allies) Sylink: they planning zepp invasion i think
(21:59 / Allies) Pascal3000: only few katas
(22:00 / All) Party_For_Eva: mass hippos
(22:05 / All) Party_For_Eva: lolz
(22:38 / Allies) Pascal3000: shit
(22:43 / Allies) Sylink: told you
(22:46 / Allies) Pascal3000: when?
(22:54 / Allies) Sylink: just a sec ago
(22:56 / Allies) Mata.: oh man
(22:58 / Allies) Mata.: get last fortified upgrade
(23:03 / Allies) Mata.: before base goes
(23:05 / All) tracktf2010: how often this strat work?
(23:09 / Allies) Sylink: no tp
(23:21 / Allies) Pascal3000: nice
(23:22 / Allies) Pascal3000: 6
(23:30 / Allies) Sylink: hh running rfrom bat
(23:33 / Allies) Pascal3000: ya
(23:35 / Allies) Pascal3000: lol
(23:49 / Allies) Mata.: haha where is guy going
(24:04 / Allies) Sylink: \i got
(24:15 / All) tracktf2010: lol
(24:21 / Allies) Sylink: need staff out
(24:22 / Allies) Sylink: or zepp
(24:23 / All) Mata.: gg it survived
(24:28 / All) tracktf2010: lol
(24:28 / Allies) Mata.: a gift
(24:29 / Allies) Sylink: ty
(24:34 / Allies) Pascal3000: wood
(24:57 / Allies) Sylink: take god
(25:00 / Allies) Sylink: zeppel
(25:05 / Allies) Mata.: i have 3 expos god
(25:12 / Allies) Mata.: hmmmmmmm
(25:35 / Allies) Sylink: he had tp too
(26:06 / Allies) Pascal3000: rofl
(26:07 / Allies) Pascal3000: raped
(26:20 / All) Sylink: gg
(26:25 / All) Sylink: gg
(26:30 / All) Sylink: gg
(26:53 / All) Sylink: gg
(27:03 / All) Party_For_Eva: gg i just wanna attack the wall first
(27:08 / All) Sylink: gg bye
(27:08 / All) Mata.: have fun with that
(27:24 / Allies) Mata.: let him suicide
(27:24 / Allies) Mata.: idc
(27:34 / All) Party_For_Eva: ok gg